 Dungeon Crawl Stone Soup version 0.30-a0-55-g90e3122c3a (webtiles) character file.

Game seed: 4853299237962544849

152 Decritt the Slasher (level 5, 0/46 HPs)
             Began as a Minotaur Gladiator on Sept 10, 2022.
             Slain by a hound (3 damage)
             ... on level 4 of the Dungeon.
             The game lasted 00:04:28 (3164 turns).

Decritt the Slasher (Minotaur Gladiator)            Turns: 3164, Time: 00:04:29

Health: 0/46       AC:  3    Str: 18    XL:     5   Next: 11%
Magic:  4/4        EV: 13    Int:  5    God:
Gold:   122        SH:  0    Dex: 14    Spells: 4/4 levels left

rFire   . . .      SeeInvis +    a - +0 long sword
rCold   . . .      Faith    .    (no shield)
rNeg    . . .      Spirit   .    b - +0 leather armour
rPois   .          Reflect  .    c - +0 hat
rElec   .          Harm     .    (no cloak)
rCorr   .          Rampage  .    (no gloves)
Will    .....                    (no boots)
Stlth   +.........               (no amulet)
HPRegen 0.15/turn                i - ring of see invisible
MPRegen 0.09/turn                (no ring)

@: no status effects
A: horns 2, retaliatory headbutt
a: no special abilities


You were on level 4 of the Dungeon.
You visited 1 branch of the dungeon, and saw 4 of its levels.

You collected 162 gold pieces.
You spent 40 gold pieces at shops.

Inventory:

Hand Weapons
 a - a +0 long sword (weapon)
Missiles
 d - 3 throwing nets (quivered)
 e - a javelin
 l - 9 poisoned darts
Armour
 b - a +0 leather armour (worn)
 c - a +0 hat (worn)
Jewellery
 i - a ring of see invisible (left hand)
Wands
 s - a wand of polymorph (9)
Scrolls
 g - a scroll of noise
 h - a scroll of teleportation
 o - a scroll of acquirement {unknown}
 p - 2 scrolls of amnesia {unknown}
 r - a scroll of butterflies {unknown}
Potions
 f - 2 potions of haste
 j - a potion of attraction {unknown}
 k - 2 potions of curing
 m - a potion of degeneration
 n - a potion of cancellation
 q - a potion of invisibility {unknown}
 t - a potion of mutation {unknown}
 u - a potion of lignification {unknown}


   Skills:
 * Level 4.3 Fighting
 * Level 5.1 Long Blades
 - Level 2.0 Throwing
 + Level 2.0 Armour
 + Level 3.9 Dodging


You had 4 spell levels left.
You didn't know any spells.
Your spell library contained the following spells:

 Spells                   Type           Power      Damage    Failure   Level
 Dazzling Flash           Conj/Hex       0%         N/A       88%         3
 Agony                    Necr           0%         N/A       100%        5
 Silence                  Hex/Air        0%         N/A       100%        5
 Chain Lightning          Conj/Air       0%         N/A       100%        9
 Fire Storm               Conj/Fire      0%         5d1       100%        9
 Shatter                  Erth           0%         3d5*      100%        9


Dungeon Overview and Level Annotations

Branches:
Dungeon (4/15)
 Temple: D:4-7

Altars:

Shops:
D:1 ?


Innate Abilities, Weirdness & Mutations

You have a pair of horns on your head.
You reflexively headbutt those who attack you in melee.


Message History

The orc attacks as you move away! The orc closely misses you.
The hound attacks as you move away! The hound closely misses you.
You furiously retaliate!
You headbutt the hound, but do no damage.
The orc attacks as you move away! The orc misses you.
You hit the orc but do no damage. The orc barely misses you.
You furiously retaliate!
You headbutt the orc. You barely miss the orc. Your headbutt misses the orc.
The orc is severely wounded.
The orc barely misses you. The orc attacks as you move away!
The orc hits you with a +0 hand axe.
* * * LOW HITPOINT WARNING * * *
The orc hits you with a +0 short sword.
* * * LOW HITPOINT WARNING * * *
You see here a quokka corpse.
You hit the orc.
You kill the orc!
The orc hits you with a +0 hand axe.
* * * LOW HITPOINT WARNING * * *
You closely miss the orc. The orc hits you with a +0 short sword.
* * * LOW HITPOINT WARNING * * *
The orc barely misses you.
You hit the orc. Your headbutt misses the orc.
The orc is severely wounded.
The orc hits you with a +0 hand axe.
* * * LOW HITPOINT WARNING * * *
The orc hits you with a +0 short sword.
* * * LOW HITPOINT WARNING * * *
The orc attacks as you move away! The orc misses you.
The orc attacks as you move away! The orc hits you with a +0 hand axe.
* * * LOW HITPOINT WARNING * * *
The orc attacks as you move away! The orc barely misses you.
As you open the door, it creaks loudly! The hound bites you.
* * * LOW HITPOINT WARNING * * *
The hound attacks as you move away! The hound closely misses you.
You furiously retaliate!
You headbutt the hound! The hound barely misses you.
There is an open door here.
The hound bites you.
You die...

♣♣.♣♣ ♣♣...♣ ♣....♣ # #....#
#.#####....## #...........#
######....o...+
..........#h..######
#####...o#@..#....#
#......#.#...#.##.# #######
...#.##[#o#...#.#..###.....#
##......oo##<...#....+.....#
#.#.#.##.##.####.##.#.....#
................#.##.#.....#
.######....#.##.#.##.......#
####............<....#
#...##.#.####)....#


You could see a hound and an orc.

Vanquished Creatures
  An iguana (D:4)
  5 adders
  3 worms
  2 orcs
  5 ball pythons
  4 endoplasms
  A giant cockroach (D:1)
  9 goblins
  4 hobgoblins
  9 jackals
  8 kobolds
  A quokka (D:4)
  4 bats
  4 frilled lizards
  11 rats
71 creatures vanquished.

Vanquished Creatures (others)
  An endoplasm (D:2)
  A bat (D:2)
  A rat (D:2)
3 creatures vanquished.

Grand Total: 74 creatures vanquished

Notes
Turn   | Place    | Note
-------+----------+-------------------------------------------
     0 | D:1      | Decritt the Minotaur Gladiator began the quest for the Orb.
     0 | D:1      | Reached XP level 1. HP: 18/18 MP: 0/0
   177 | D:1      | Reached XP level 2. HP: 19/25 MP: 1/1
   357 | D:1      | Found a faded altar of an unknown god.
   365 | D:1      | Reached skill level 4 in Long Blades
   601 | D:1      | Found Haodah's Magic Scroll Boutique.
   609 | D:1      | Bought a scroll of identify for 20 gold pieces
   609 | D:1      | Bought a scroll of identify for 20 gold pieces
   754 | D:1      | Reached skill level 1 in Armour
  1072 | D:2      | Reached XP level 3. HP: 29/31 MP: 2/2
  1673 | D:2      | Reached XP level 4. HP: 38/40 MP: 3/3
  3120 | D:4      | Reached skill level 5 in Long Blades
  3120 | D:4      | Reached XP level 5. HP: 26/46 MP: 4/4
  3164 | D:4      | Slain by a hound

Illustrated notes

Levels and vault maps discovered:
D:1:      dpeg_arrival_long_road, layout_basic,
          hellmonk_ecumenical_altar_dog_temple, serial_shops,
          nicolae_shop_statue_plus
D:2:      minmay_alternating_diamond, layout_basic, lemuel_flame_loot_1
D:3:      layout_basic
D:4:      layout_basic, minmay_starry_boxes, uniq_crazy_yiuf_cottage

Skill      XL: |  1  2  3  4 |
---------------+-------------+-----
Long Blades    | 4 5 |  5.1
Fighting       | 3 4 |  4.3
Armour         | 1 2 |  2.0
Throwing       | |  2.0
Dodging        | |  3.9

Action                   |  1- 3 |  4- 6 || total
-------------------------+-------+-------++-------
Melee: Long sword        |    71 |    62 ||   133
       Headbutt          |    10 |     7 ||    17
Throw: Dart              |    18 |       ||    18
  Use: Scroll            |     3 |     3 ||     6
 Stab: Sleeping          |       |     1 ||     1
Armor: Leather armour    |    19 |    12 ||    31
Dodge: Dodged            |    53 |    44 ||    97

Table legend: (Time is in decaauts)
 A = Elapsed time spent in this place.
 B = Non-inter-level travel time spent in this place.
 C = Inter-level travel time spent in this place.
 D = Time resting spent in this place.
 E = Time spent auto-exploring this place.
 F = Levels seen in this place.
 G = Mean time per level.
                   A        B        C        D        E       F      G
               +--------+--------+--------+--------+--------+-----+--------+
         Total |   3185 |   3129 |     56 |      0 |   2708 |   4 |  796.2 |
       Dungeon |   3185 |   3129 |     56 |      0 |   2708 |   4 |  796.2 |
               +--------+--------+--------+--------+--------+-----+--------+

Top non-repeatable levels by time:
     D:3: 1041 daAuts
     D:2: 1038 daAuts
     D:1: 1022 daAuts
     D:4: 83 daAuts
